 Seeded DCSS version 0.29-a0-1023-g6ae1a4a2c7 (webtiles) character file.

Game seed: 10239386294149111189 (custom seed)

4830 bwicke the Purveyor of Pain (level 10, -4/80 HPs)
             Began as a Mummy Necromancer on Aug 11, 2022.
             Was an Initiate of Kikubaaqudgha.
             Slain by a two-headed ogre
             ... wielding a +0 giant club
              (32 damage)
             ... on level 9 of the Dungeon.
             The game lasted 00:43:19 (12823 turns).

bwicke the Purveyor of Pain (Mummy Necromancer)    Turns: 12823, Time: 00:43:19

Health: -4/80      AC:  6    Str: 13    XL:     10   Next: 25%
Magic:  21/32      EV: 12    Int: 18    God:    Kikubaaqudgha [......]
Gold:   428        SH:  0    Dex: 12    Spells: 10/14 levels left

rFire   x . .      SeeInvis .   l - +8 mace of Joiv {pain, *Rage rElec rCorr MP+9}
rCold   + . .      Faith    .   (no shield)
rNeg    + + +      Spirit   .   x - +0 steam dragon scales
rPois   ∞          Reflect  .   (no helmet)
rElec   +          Harm     .   p - +0 cloak
rCorr   +          Rampage  .   (no gloves)
Will    +....                   (no boots)
Stlth   ++........              (no amulet)
HPRegen 0.23/turn               r - +4 ring of slaying
MPRegen 0.23/turn               h - ring of magical power

@: no status effects
A: cold resistance 1, negative energy resistance 3, torment resistance 2, heat
vulnerability 1, in touch with death 1, no potions
a: Renounce Religion


You were on level 9 of the Dungeon.
You worshipped Kikubaaqudgha.
Kikubaaqudgha was noncommittal.
You visited 2 branches of the dungeon, and saw 10 of its levels.
You also visited: Ossuary.

You collected 428 gold pieces.

Inventory:

Hand Weapons
 c - the +8 whip of Featil {vorpal, rF- Int+6}
   (You found it on level 8 of the Dungeon)

   It inflicts extra damage upon your enemies.
   Int:       It affects your intelligence (+6).
   rF:        It makes you vulnerable to fire.
 j - a +3 battleaxe of freezing
 l - the +8 mace of Joiv (weapon) {pain, *Rage rElec rCorr MP+9}
   (You found it on level 2 of the Dungeon)

   In the hands of one skilled in necromantic magic, it inflicts extra damage on
   living creatures.
   rElec:     It insulates you from electricity.
   MP:        It affects your magic capacity (+9).
   *Rage:     It berserks you when you make melee attacks (+20% chance).
   rCorr:     It protects you from acid and corrosion.
 n - the +11 spear of Podasuasyu {vamp, rN+}
   (You found it on level 2 of the Dungeon)

   It occasionally heals its wielder for a portion of the damage dealt when it
   wounds a living foe.
   rN:        It protects you from negative energy.
 o - a +2 antimagic whip
 u - a +0 vorpal trident
 w - a +1 halberd of flaming
 B - a +1 whip of distortion
Missiles
 m - 15 poisoned darts
Armour
 e - the +0 hat "Ogyul" {Harm rPois Str-3 Stlth+}
   (You found it on level 8 of the Dungeon)

   Str:       It affects your strength (-3).
   rPois:     It protects you from poison.
   Harm:      It increases damage dealt and taken.
   Stlth:     It makes you more stealthy.
 p - a +0 cloak (worn)
 x - +0 steam dragon scales (worn)
Jewellery
 f - a ring of resist corrosion
 h - a ring of magical power (right hand)
 q - a +6 ring of dexterity
 r - a +4 ring of slaying (left hand)
 t - a ring of ice
Wands
 v - a wand of charming (6)
 z - a wand of mindburst (20)
 A - a wand of acid (13)
Scrolls
 a - 3 scrolls of identify
 b - a scroll of amnesia
 d - a scroll of teleportation
 g - 2 scrolls of immolation
 i - a scroll of poison
 k - 2 scrolls of fog
 s - a scroll of noise
 y - a scroll of summoning


   Skills:
 - Level 7.9 Fighting
 - Level 8.6 Maces & Flails
 - Level 1.5 Dodging
 - Level 1.5 Stealth
 - Level 2.6 Spellcasting
 + Level 8.8 Necromancy


You had 10 spell levels left.
You knew the following spells:

 Your Spells              Type           Power      Damage    Failure   Level
a - Necrotise             Necr           100%       1d9       1%          1
b - Vampiric Draining     Necr           50%        2d9       1%          3

Your spell library contained the following spells:

 Spells                   Type           Power      Damage    Failure   Level
 Animate Dead             Necr           50%        N/A       4%          4
 Agony                    Necr           50%        N/A       12%         5
 Apportation              Tloc           4%         N/A       17%         1
 Summon Small Mammal      Summ           8%         N/A       17%         1
 Ensorcelled Hibernation  Hex/Ice        4%         N/A       26%         2
 Passwall                 Tmut/Erth      1%         N/A       26%         2
 Gell's Gravitas          Tloc           2%         N/A       45%         3
 Swiftness                Air            2%         N/A       45%         3
 Teleport Other           Tloc           2%         N/A       45%         3
 Airstrike                Air            1%         2d(1-17)  86%         4
 Animate Armour           Summ/Erth      4%         N/A       86%         4
 Summon Lightning Spire   Summ/Air       2%         N/A       86%         4
 Lightning Bolt           Conj/Air       1%         1d12      99%         5
 Dispersal                Tloc           1%         N/A       100%        6
 Iron Shot                Conj/Erth      1%         9d1       100%        6
 Blade Hands              Tmut           Unusable   N/A       N/A         5

Dungeon Overview and Level Annotations

Branches:
Dungeon (9/15)             Temple (1/1) D:7         Ossuary (visited)
   Lair: D:8-11         Orc: D:9-12

Altars:
Ashenzari
Cheibriados
Dithmenos
Fedhas
Gozag
Hepliaklqana
Kikubaaqudgha
Makhleb
Nemelex Xobeh
Okawaru
Qazlal
Ru
Sif Muna
Trog
Uskayaw
Vehumet
Wu Jian
Xom
Yredelemnul

Shops:
D:8 ?

Annotations:
D:5 2 runed translucent doors, ragingrage's ghost, weakling MiDe
D:8 6 runed translucent doors


Innate Abilities, Weirdness & Mutations

You are immune to poison.
Your flesh is cold resistant. (rC+)
You are immune to negative energy. (rN+++)
You are immune to unholy pain and torment.
You are vulnerable to heat. (rF-)
You are in touch with the powers of death.
You do not drink.


Message History

Aim: a two-headed ogre, wielding a +0 giant club and a +0 giant spiked club (moderately wounded)
You feel a surge of power!
You draw life force from the two-headed ogre!
You feel life coursing into your body.
The two-headed ogre hits you with a +0 giant club!
The two-headed ogre hits you but does no damage.
You closely miss the two-headed ogre.
The two-headed ogre is heavily wounded.
The two-headed ogre closely misses you.
The two-headed ogre hits you with a +0 giant spiked club!!
Casting: Vampiric Draining (safe; 1% risk of failure)
Confirm with . or Enter, or press ? or * to list all spells.
Aiming: Vampiric Draining (safe; 1% risk of failure)
Press: ? - help, Shift-Dir - straight line, f/p - two-headed ogre
Aim: a two-headed ogre, wielding a +0 giant club and a +0 giant spiked club (heavily wounded)
You feel a surge of power!
You draw life force from the two-headed ogre!
You feel life coursing into your body.
Casting: Vampiric Draining (safe; 1% risk of failure)
Confirm with . or Enter, or press ? or * to list all spells.
Aiming: Vampiric Draining (safe; 1% risk of failure)
Press: ? - help, Shift-Dir - straight line, f/p - two-headed ogre
Aim: a two-headed ogre, wielding a +0 giant club and a +0 giant spiked club (severely wounded)
You feel a surge of power!
You draw life force from the two-headed ogre!
You feel life coursing into your body.
The two-headed ogre hits you with a +0 giant club!
The two-headed ogre hits you with a +0 giant spiked club.
* * * LOW HITPOINT WARNING * * *
Casting: Vampiric Draining (safe; 1% risk of failure)
Confirm with . or Enter, or press ? or * to list all spells.
Aiming: Vampiric Draining (safe; 1% risk of failure)
Press: ? - help, Shift-Dir - straight line, f/p - two-headed ogre
Aim: a two-headed ogre, wielding a +0 giant club and a +0 giant spiked club (severely wounded)
You feel a surge of power!
You draw life force from the two-headed ogre!
You feel life coursing into your body.
The two-headed ogre hits you with a +0 giant club!!
You die...
Kikubaaqudgha rasps: "You have failed me!
Welcome... oblivion!"

#######
...g.g.#.....#
....g..#.....#
.......#.....#
.......#.....#
......g#..##.#
....O$.#..##.##+##
.....l.#@..#.....+
##O...#.....#
#.....#...###....#
#### #.### #...#
#..>.##..... # .:
.#.....#...........+
.#
#.#.....#....##.....#
#. ..
#.[..#####'######## #
#.#
#....##....##.....#
...
.######...........#


You could see a two-headed ogre.

Vanquished Creatures
  Maggie (D:6)
  Prince Ribbit (D:8)
  2 hornets
  A jumping spider (D:8)
  2 wyverns
  A steam dragon (D:6)
  2 redbacks (D:8)
  A water moccasin (D:5)
  An ice beast (D:5)
  A black bear (D:6)
  2 sky beasts
  3 ogres
  A centaur (D:6)
  3 elf zombies
  2 necrophages
  A bullfrog (D:7)
  3 scorpions
  2 elf skeletons (D:4)
  11 wights
  3 killer bees (D:8)
  A howler monkey (D:6)
  2 centaur zombies (Ossuary)
  2 human zombies
  An orc priest (D:5)
  3 hounds
  A gnoll bouda (D:8)
  5 iguanas
  4 orc wizards
  An ogre zombie (Ossuary)
  A mummy (Ossuary)
  5 gnolls (D:6)
  9 adders
  2 shadow imps
  3 white imps
  3 adder zombies (Ossuary)
  3 worms
  A dart slug (D:1)
  30 orcs
  5 bats
  12 endoplasms
  5 giant cockroaches
  10 goblins
  9 hobgoblins
  3 quokkas
  7 ball pythons
  8 frilled lizards
  A goblin zombie (Ossuary)
  7 kobolds
  5 kobold zombies (Ossuary)
  An orc skeleton (D:4)
  3 quokka zombies (Ossuary)
  3 rats
  4 rat zombies (Ossuary)
204 creatures vanquished.

Vanquished Creatures (collateral kills)
  A wight (D:8)
  3 gnolls (D:8)
  A goblin (D:2)
  A bat (D:2)
  2 frilled lizards (D:1)
8 creatures vanquished.

Vanquished Creatures (others)
  A wight (D:7)
  3 fungi (D:2)
  5 plants
9 creatures vanquished.

Grand Total: 221 creatures vanquished

Notes
Turn   | Place    | Note
-------+----------+-------------------------------------------
     0 | D:1      | bwicke the Mummy Necromancer began the quest for the Orb.
     0 | D:1      | Reached XP level 1. HP: 13/13 MP: 4/4
   576 | D:1      | Reached XP level 2. HP: 17/19 MP: 3/5
  1279 | D:1      | Reached skill level 5 in Necromancy
  1489 | D:2      | Gained mutation: You are in touch with the powers of death.
                  | [Mummy growth]
  1489 | D:2      | Reached XP level 3. HP: 15/24 MP: 7/7
  1502 | D:2      | Learned a level 3 spell: Vampiric Draining
  1986 | D:2      | Reached XP level 4. HP: 20/30 MP: 8/8
  2095 | D:2      | Identified the +8 mace of Joiv {pain, *Rage rElec rCorr
                  | MP+9}
  2227 | D:2      | Found a faded altar of an unknown god.
  2284 | D:2      | Identified the +11 spear of Podasuasyu {vamp, rN+}
  3313 | D:3      | Found an ancient bone altar of Kikubaaqudgha.
  3630 | D:4      | Reached XP level 5. HP: 16/35 MP: 9/9
  3778 | D:4      | Found a sand-covered staircase.
  3793 | Ossuary  | Entered an ossuary
  3895 | Ossuary  | Reached skill level 1 in Maces & Flails
  3895 | Ossuary  | Reached XP level 6. HP: 16/41 MP: 10/10
  4978 | D:4      | Reached XP level 7. HP: 32/46 MP: 11/11
  5410 | D:4      | Found an opulent altar of Gozag.
  5642 | D:4      | Reached skill level 5 in Maces & Flails
  6039 | D:4      | Found a sparkling altar of Nemelex Xobeh.
  6197 | D:5      | Entered Level 5 of the Dungeon
  6409 | D:5      | Reached XP level 8. HP: 52/52 MP: 12/12
  6590 | D:5      | Found a large runed translucent door.
  6590 | D:5      | Found a large runed translucent door.
  6621 | D:5      | Noticed ragingrage's ghost (weakling MiDe)
  6636 | D:5      | Found a burning altar of Makhleb.
  7541 | D:6      | Found a basalt altar of Yredelemnul.
  7925 | D:6      | Noticed Maggie
  7933 | D:6      | Killed Maggie
  8157 | D:6      | Reached XP level 9. HP: 43/57 MP: 13/13
  8369 | D:6      | Reached skill level 1 in Fighting
  9059 | D:7      | Found a staircase to the Ecumenical Temple.
  9127 | Temple   | Entered the Ecumenical Temple
  9127 | Temple   | Found a transporter.
  9127 | Temple   | Found a transporter.
  9129 | Temple   | Found a transporter.
  9129 | Temple   | Found a transporter.
  9382 | D:7      | Reached skill level 5 in Fighting
  9508 | D:7      | Found an ornate altar of the Wu Jian Council.
  9867 | D:7      | Found a stormy altar of Qazlal.
 10390 | D:8      | Found a runed translucent door.
 10433 | D:8      | Identified the +8 whip of Featil {vorpal, rF- Int+6}
 10436 | D:8      | Identified the +0 hat "Ogyul" {Harm rPois Str-3 Stlth+}
 10439 | D:8      | Found a runed translucent gate.
 10439 | D:8      | Found a runed translucent gate.
 10439 | D:8      | Found a runed translucent gate.
 10439 | D:8      | Found a runed translucent gate.
 10439 | D:8      | Found a runed translucent gate.
 10439 | D:8      | Noticed a boulder beetle
 10682 | D:8      | Found a runed translucent gate.
 10682 | D:8      | Noticed a lindwurm
 10682 | D:8      | Noticed a boulder beetle
 10920 | D:8      | Noticed Prince Ribbit
 10932 | D:8      | Killed Prince Ribbit
 10933 | D:8      | Reached XP level 10. HP: 75/80 MP: 14/14
 11750 | D:3      | Became a worshipper of Kikubaaqudgha
 12150 | D:8      | Found Wisof's Magic Scroll Boutique.
 12810 | D:9      | Noticed a centaur warrior
 12810 | D:9      | Noticed a cyclops
 12811 | D:9      | Noticed a two-headed ogre
 12823 | D:9      | Slain by a two-headed ogre

Illustrated notes

Levels and vault maps discovered:
D:1:      lemuel_arrival_rhombus, layout_loops_ring,
          nicolae_concentric_dashed_squares_mild, grunt_decor_junction,
          minmay_lizard_pond
D:2:      layout_basic, dreamdust_ecumenical_altar_grove,
          grunt_decor_mini_mirrors, minmay_ruptured
D:3:      layout_loops_ring, mainiacjoe_overflow_chevrons,
          minmay_misc_feat_diagonals, grunt_ministairs_13
D:4:      layout_basic, lemuel_round_altar, general_overflow_altar,
          nicolae_ossuary_entry_catacombs
D:5:      layout_cave_pods, nicolae_overflow_crystal_walls,
          ebering_ghost_disaster_area, nicolae_figureground_pulse
D:6:      layout_loops_ring, overflow_temple_1_default, bh_walls_and_bars,
          uniq_maggie
D:7:      layout_loops_ring, marbit_many_paths, nzn_wu_jian_contemplation,
          mainiacjoe_overflow_tiny_flanked, minmay_temple_entry_junction,
          minmay_strange_pillars
D:8:      gammafunk_indiana_jones, layout_loops_cross,
          mainiacjoe_overflow_catwalk, serial_shops,
          nicolae_shop_window_shopping, uniq_prince_ribbit1
D:9:      minmay_general_purpose_star, layout_gridville, enter_bailey_3,
          special_room [special_room_bee], serial_shops, nicolae_shop_stone,
          minmay_checkerbox
Temple:   hellmonk_temple_divided_pantheon

Skill      XL: |  1  2  3  4  5  6  7  8  9 10 |
---------------+-------------------------------+-----
Necromancy     | 5 6 7 8 |  8.8
Maces & Flails | 1 3 5 8 |  8.6
Fighting       | 7 |  7.9
Dodging        | |  1.5
Stealth        | |  1.5
Spellcasting   | |  2.6

Action                   |  1- 3 |  4- 6 |  7- 9 | 10-12 || total
-------------------------+-------+-------+-------+-------++-------
Melee: Unarmed           |    17 |       |       |       ||    17
       Club              |    72 |     1 |       |       ||    73
       Punch             |     1 |     1 |     3 |     1 ||     6
       Mace              |       |   161 |   215 |    47 ||   423
 Cast: Necrotise         |    50 |    13 |    51 |     6 ||   120
       Vampiric Draining |       |     2 |     7 |     6 ||    15
Evoke: Wand              |       |       |     1 |       ||     1
  Use: Scroll            |       |       |    10 |     1 ||    11
 Stab: Sleeping          |     3 |     5 |       |       ||     8
Armor: Robe              |    32 |    35 |    12 |       ||    79
       Steam dragon scal |       |       |    23 |     8 ||    31
Dodge: Dodged            |    79 |    75 |    98 |    25 ||   277

Table legend: (Time is in decaauts)
 A = Elapsed time spent in this place.
 B = Non-inter-level travel time spent in this place.
 C = Inter-level travel time spent in this place.
 D = Time resting spent in this place.
 E = Time spent auto-exploring this place.
 F = Levels seen in this place.
 G = Mean time per level.
                   A        B        C        D        E       F      G
               +--------+--------+--------+--------+--------+-----+--------+
         Total |  12917 |  11896 |   1021 |   1415 |   8068 |  11 | 1174.3 |
       Dungeon |  12048 |  11027 |   1021 |   1164 |   7751 |   9 | 1338.7 |
        Temple |     70 |     70 |      0 |      0 |      0 |   1 |   70.0 |
       Ossuary |    797 |    797 |      0 |    251 |    317 |   1 |  797.0 |
               +--------+--------+--------+--------+--------+-----+--------+

Top non-repeatable levels by time:
     D:4: 2073 daAuts
     D:5: 1663 daAuts
     D:8: 1588 daAuts
     D:1: 1483 daAuts
     D:6: 1428 daAuts
     D:7: 1234 daAuts
     D:3: 1200 daAuts
     D:2: 1099 daAuts
 Ossuary: 797 daAuts
     D:9: 277 daAuts
  Temple: 70 daAuts
